Map: Станция Кайрос РВ

Players

Murena

  • Race: Terran Terran
  • Spawn Location: 11:00

ИИ 1 (эксперт) - Winner!

  • Race: Protoss Protoss
  • Spawn Location: 5:00

VOD

Have the link to the VOD?

Description

Time

  • Played on: Aug. 1, 2019, 3:31 p.m.
  • Length: 5:54
Show
View Real Time Build Order
Export as new Build Order

Murena Terran 

Build Orders:  

Get SALT Encoding   

  12  0:01  SCV  
  13  0:13  SCV  
  14  0:19  Supply Depot  
  14  0:26  SCV  
  15  0:30  Refinery  
  15  0:42  Barracks  
  15  0:45  SCV  
  16  0:57  SCV  
  17  1:09  SCV  
  18  1:23  SCV  
  19  1:29  Marine  
  20  1:37  Command Center  
  20  1:41  SCV  
  21  1:48  Marine  
  22  1:54  Orbital Command  
  22  2:04  Supply Depot  
  22  2:07  Marine  
  23  2:26  Factory, SCV  
  23  2:27  Barracks Tech Lab  
  24  2:34  Barracks  
  24  2:40  SCV  
  25  2:45  Supply Depot  
  25  2:47  Marauder  
  25  2:50  SCV  
  28  2:52  SCV  
  29  3:02  SCV  
  29  3:04  SCV  
  31  3:08  Refinery  
  31  3:10  Marauder  
  33  3:13  Hellion  
  33  3:15  SCV  
  33  3:18  SCV  
  37  3:22  Barracks Reactor  
  37  3:28  Orbital Command  
  37  3:35  Bunker  
  37  3:37  Marine  
  37  3:38  Factory Tech Lab  
  38  3:46  Starport  
  38  3:47  SCV  
  39  3:54  Combat Shield  
  39  3:59  Hellion  
  39  4:01  Engineering Bay  
  41  4:03  SCV  
  41  4:04  SCV  
  41  4:07  Marine  
  41  4:09  Marine  
  45  4:13  Marine  
  46  4:21  SCV x2  
  48  4:24  Factory  
  48  4:27  Supply Depot  
  48  4:33  Missile Turret  
  48  4:35  Marauder  
  50  4:39  SCV x2  
  50  4:42  Medivac  
  54  4:50  Supply Depot  
  54  4:54  Missile Turret, Hellion  
  54  4:55  SCV  
  54  4:56  SCV  
  54  4:59  Marauder  
  60  5:09  SCV x2  
  60  5:10  Factory Tech Lab  
  60  5:11  Engineering Bay  
  60  5:13  Starport Tech Lab  
  62  5:15  Supply Depot  
  62  5:21  SCV  
  63  5:22  SCV  
  67  5:34  SCV  
  68  5:35  SCV  
  68  5:41  Command Center  
Show
View Real Time Build Order
Export as new Build Order

ИИ 1 (эксперт) Protoss - Winner!

Build Orders: 1 Gate Expand 

Get SALT Encoding   

  12  0:00  Probe  
  13  0:13  Probe  
  14  0:20  Pylon  
  14  0:25  Probe  
  15  0:34  Probe  
  15  0:42  Probe  
  16  0:47  Assimilator  
  17  0:50  Gateway  
  17  0:52  Probe  
  18  1:00  Probe, Pylon  
  18  1:08  Probe  
  20  1:19  Probe  
  21  1:31  Probe  
  22  1:37  Nexus  
  22  1:43  Probe  
  22  1:46  Zealot  
  25  1:58  Probe, Cybernetics Core  
  26  2:06  Probe  
  26  2:14  Probe  
  28  2:25  Probe  
  28  2:26  Pylon  
  28  2:29  Stalker  
  29  2:35  Warp Gate  
  31  2:37  Gateway  
  31  2:39  Assimilator  
  31  2:44  Probe  
  32  2:53  Pylon  
  32  2:54  Adept  
  32  2:56  Probe  
  33  2:59  Probe  
  33  3:05  Probe  
  36  3:12  Probe  
  38  3:19  Robotics Facility  
  38  3:20  Probe  
  38  3:24  Adept x2  
  38  3:26  Probe  
  44  3:32  Probe  
  45  3:38  Probe  
  46  3:44  Probe, Adept  
  47  3:50  Probe  
  47  3:54  Adept  
  52  3:57  Probe  
  52  4:02  Probe  
  54  4:06  Pylon  
  54  4:09  Observer, Probe  
  56  4:10  Probe  
  56  4:11  Robotics Bay  
  56  4:14  Adept  
  59  4:18  Robotics Facility  
  59  4:20  Pylon  
  59  4:21  Probe  
  60  4:31  Stalker  
  60  4:32  Pylon  
  60  4:33  Probe  
  60  4:34  Probe  
  64  4:50  Gateway  
  64  4:52  Stalker  
  66  5:04  Zealot  
  66  5:07  Pylon  
  68  5:09  Zealot  
  76  5:16  Pylon  
  76  5:24  Zealot  
  76  5:26  Zealot  
  80  5:41  Gateway  
  80  5:45  Sentry, Stalker  
  80  5:47  Assimilator  
Tags
 
Add a new tag
Caveats
  • Supply blocks, unpowered buildings, or Contaminate may cause inaccurate times.
  • Supply counts are checked every 10 seconds.